 Dungeon Crawl Stone Soup version 0.29.1-15-g9cfb28693d (webtiles) character file.

Game seed: 11123265658206347408

16 DroidAssault the Caller (level 2, -6/20 HPs)
             Began as a Draconian Summoner on Apr 29, 2023.
             Killed by nerve-wracking pain
             ... invoked by Grinder
              (11 damage)
             ... while paralysed by Grinder
             ... on level 3 of the Dungeon.
             The game lasted 00:03:56 (794 turns).

DroidAssault the Caller (Draconian Summoner)         Turns: 794, Time: 00:03:57

Health: -6/20      AC:  4    Str: 10    XL:     2   Next: 41%
Magic:  1/5        EV:  2    Int: 15    God:
Gold:   22         SH:  0    Dex: 11    Spells: 2/5 levels left

rFire   . . .      SeeInvis .   (no weapon)
rCold   . . .      Faith    .   (no shield)
rNeg    . . .      Spirit   .   (body armour unavailable)
rPois   .          Reflect  .   (helmet restricted)
rElec   .          Harm     .   (no cloak)
rCorr   .          Rampage  .   (no gloves)
Will    +....                   (no boots)
Stlth   ++........              (no amulet)
HPRegen 0.06/turn               e - ring of willpower
MPRegen 0.09/turn               (no ring)

@: paralysed
A: AC +4, unfitting armour, cold-blooded
a: no special abilities


You were on level 3 of the Dungeon.
You visited 1 branch of the dungeon, and saw 3 of its levels.

You collected 22 gold pieces.

Inventory:

Missiles
 g - 5 poisoned darts (quivered)
Jewellery
 e - a ring of willpower (left hand)
Scrolls
 h - a scroll of brand weapon {unknown}
Potions
 a - a potion of magic
 c - a potion of heal wounds {unknown}
 d - a potion of haste {unknown}
 f - a potion of brilliance {unknown}


   Skills:
 * Level 1.8 Dodging
 * Level 1.8 Stealth
 * Level 2.1 Spellcasting
 * Level 4.5 Summonings


You had 2 spell levels left.
You knew the following spells:

 Your Spells              Type           Power      Damage    Failure   Level
a - Summon Small Mammal   Summ           60%        N/A       3%          1
b - Call Imp              Summ           15%        N/A       5%          2

Your spell library contained the following spells:

 Spells                   Type           Power      Damage    Failure   Level
 Call Canine Familiar     Summ           15%        N/A       11%         3
 Summon Guardian Golem    Hex/Summ       8%         N/A       26%         3
 Summon Lightning Spire   Summ/Air       8%         N/A       65%         4


Dungeon Overview and Level Annotations

Branches:
Dungeon (3/15)

Altars:

Annotations:
D:3 Grinder


Innate Abilities, Weirdness & Mutations

Your plain brown scales are hard. (AC +4)
You cannot fit into any form of body armour.
You are cold-blooded and may be slowed by cold attacks.


Message History

Grinder hits your white imp!
Your white imp hits Grinder but does no damage.
Casting: Summon Small Mammal (safe; 3% risk of failure)
Confirm with . or Enter, or press ? or * to list all spells.
Grinder blinks!
What are your orders? t - Shout!
Orders for allies: a - Attack new target. p - Attack previous target. r - Retreat! s - Stop attacking. g - Guard the area. f - Follow me.
Anything else - Cancel.
Gang up on whom?
Press: ? - help, Dir - move target, f/p - Grinder
Aim: Grinder (moderately wounded, ally target) Attack!
Grinder gestures at you. You resist with significant effort.
Your bat hits Grinder but does no damage.
You swap places.
Your bat barely misses Grinder.
Your white imp gestures at Grinder.
The puff of frost hits Grinder.
Grinder resists.
Grinder barely misses you.
Your rat barely misses Grinder.
Your rat closely misses Grinder.
Grinder hits you.
You writhe in agony.
Your bat hits Grinder. Grinder attacks as you move away! Grinder hits you.
You writhe in agony.
* * * LOW HITPOINT WARNING * * *
Your bat closely misses Grinder.
Grinder gestures at you.
You suddenly lose the ability to move!
Your rat bites Grinder but does no damage.
Your white imp closely misses Grinder.
Your bat barely misses Grinder.
Your white imp barely misses Grinder.
Your rat barely misses Grinder.
Grinder gestures at you.
You easily resist.
Your white imp closely misses Grinder.
Your bat misses Grinder. Grinder gestures at you.
Pain shoots through your body!
Ouch! That really hurt!
You die...

#### ..
...####.# ..
#........ ...
#......[.
...####r.......
...>..5b.......
.....#5........
[......@.#.##.#
...###...# # #
#.<.#
...###...#
.......[.#
....##..##.##.#
.#. #.........
# #.)##.##..
....# #


You could see Grinder (ally target), a friendly white imp (summoned), a friendly
bat (summoned) and a friendly rat (summoned).

Vanquished Creatures
  A frilled lizard (D:2)
  3 kobolds (D:2)
  A rat (D:2)
5 creatures vanquished.

Vanquished Creatures (collateral kills)
  A bat (D:1)
  A giant cockroach (D:1)
  2 goblins
  A hobgoblin (D:1)
  4 kobolds
  A frilled lizard (D:1)
  2 rats
12 creatures vanquished.

Vanquished Creatures (others)
  16 plants (D:2)
16 creatures vanquished.

Grand Total: 33 creatures vanquished

Notes
Turn   | Place    | Note
-------+----------+-------------------------------------------
     0 | D:1      | DroidAssault the Draconian Summoner began the quest for the
                  | Orb.
     0 | D:1      | Reached XP level 1. HP: 14/14 MP: 3/3
   205 | D:1      | Reached XP level 2. HP: 14/20 MP: 0/5
   208 | D:1      | Learned a level 2 spell: Call Imp
   750 | D:3      | Noticed Grinder
   792 | D:3      | Paralysed by Grinder for 3 turns
   794 | D:3      | Killed from afar by Grinder

Illustrated notes

Levels and vault maps discovered:
D:1:      wander_arrival_fairy_ring, layout_basic, serial_shops,
          nicolae_shop_stone, minmay_misc_feat_pillars
D:2:      layout_loops_ring, lexackson_kobold_supper
D:3:      layout_basic, nicolae_hepliaklqana_monster_ancestors, serial_shops,
          nicolae_shop_overgrown_old_shop, uniq_grinder

Action                   || total
-------------------------++-------
Melee: Unarmed           ||     1
       Tailslap          ||     1
Throw: Dart              ||     8
 Cast: Summon Small Mamm ||    19
       Call Imp          ||     4
  Use: Scroll            ||     2
Armor: Skin              ||    15
Dodge: Dodged            ||    19
